Influenza vs Senators
Created - January 26, 2019 at 19:19
Goals
|
| Influenza |
1 |
0 |
0 |
0 |
0 |
1 |
| Senators |
0 |
1 |
0 |
0 |
1 |
2 |
|
Shots
|
| Influenza |
15 |
12 |
8 |
2 |
3 |
37 |
| Senators |
9 |
14 |
6 |
2 |
2 |
31 |
|
1st period
1. Influenza , Beau Bennett 32 (Alex Killorn 15) at 0:14
Penalties :
Iiro Pakarinen (VJB) for Hooking (Minor) at 4:28, Luca Sbisa (VJB) for Roughing (Minor) at 12:34
2nd period
2. Senators , Zemgus Girgensons 5 (Sebastian Wannstrom 9, Keegan Lowe 5) at 13:34
Penalties :
Beau Bennett (VJB) for Tripping (Minor) at 3:39
3rd period
No Goal
Penalties :
Sebastian Wannstrom (BIN) for Interference (Minor) at 2:33, Beau Bennett (VJB) for Roughing (Minor) at 9:44
Overtime #1
No Goal
Penalties :
No Penalty
Shootout
Influenza, Alex Killorn - Stopped by Brad Thiessen
Senators, Stephane Da Costa - Stopped by Tyson Sexsmith
Influenza, Charlie Coyle - Stopped by Brad Thiessen
Senators, Gabriel Bourque - Goal!
Influenza, Mark Olver - Shot Misses the Net
Penalties :
No Penalty
Goalie Stats
Tyson Sexsmith (VJB), 30 saves from 31 shots - (0.968), OTL, 5-4-1, 65:00 minutes
Brad Thiessen (BIN), 36 saves from 37 shots - (0.973), W, 11-12-4, 65:00 minutes
Players Stats for Influenza
Player Name G A P +/- PIM S H SB GA TA FO MP PP MP PK MP
------------------------------------------------------------------------------------
Alex Killorn 0 1 1 0 0 2 0 3 0 0 6/13 23:00 1:04 4:12
Anthony Mantha 0 0 0 0 0 3 0 0 0 1 0/0 12:31 0:00 0:00
Beau Bennett 1 0 1 0 4 4 2 0 0 0 0/0 17:36 1:04 1:26
Charlie Coyle 0 0 0 0 0 3 3 0 0 0 10/26 22:01 1:04 4:18
Dmitry Sinitsyn 0 0 0 0 0 1 0 2 0 0 0/0 12:40 0:00 0:00
Iiro Pakarinen 0 0 0 0 2 4 2 0 0 0 0/0 15:53 0:55 0:00
Jacob Josefson 0 0 0 0 0 0 1 0 0 0 0/0 2:25 0:00 0:09
Jake Guentzel 0 0 0 0 0 1 0 0 0 0 3/7 12:31 0:00 0:00
Jeff Corbett 0 0 0 0 0 0 0 0 0 0 0/0 7:22 0:00 0:16
Jesse Graham 0 0 0 0 0 0 0 0 0 0 0/0 6:20 0:00 0:00
Jimmy Vesey 0 0 0 0 0 2 2 1 0 0 0/0 14:59 0:55 0:00
Johan Larsson 0 0 0 0 0 2 1 0 0 0 0/0 9:14 0:00 1:11
Jordan Schroeder 0 0 0 0 0 2 1 2 1 0 0/1 7:12 0:00 0:00
Josh Andrerson 0 0 0 0 0 0 0 0 0 0 0/0 0:00 0:00 0:00
Justin Bailey 0 0 0 0 0 0 0 0 0 0 0/0 7:12 0:00 0:00
Luca Sbisa 0 0 0 0 2 2 0 2 0 1 0/0 18:47 1:00 2:31
Mark Olver 0 0 0 0 0 2 1 0 1 0 9/11 18:42 0:55 2:45
Mathieu Carle 0 0 0 0 0 0 2 2 0 1 0/0 26:01 0:59 4:30
Max Domi 0 0 0 0 0 7 0 0 1 0 0/0 12:31 0:00 0:00
Nikita Gusev 0 0 0 0 0 0 0 0 0 0 0/0 0:00 0:00 0:00
Nikita Zadorov 0 0 0 0 0 0 0 1 0 0 0/0 13:19 0:00 0:39
Paul Ladue 0 0 0 0 0 2 0 1 0 1 0/0 26:01 0:59 4:30
Shane Prince 0 0 0 0 0 0 0 0 0 0 0/0 4:13 0:00 1:51
Tim Erixon 0 0 0 0 0 0 1 1 0 1 0/0 19:59 1:00 3:26
Tom Kuhnhackl 0 0 0 0 0 0 0 0 0 0 0/0 1:31 0:00 0:00
Players Stats for Senators
Player Name G A P +/- PIM S H SB GA TA FO MP PP MP PK MP
------------------------------------------------------------------------------------
Andy Andreoff 0 0 0 0 0 1 1 0 1 0 0/0 9:14 0:03 0:07
Blake Coleman 0 0 0 0 0 0 0 0 0 0 0/0 0:50 0:00 0:40
Brett Bulmer 0 0 0 0 0 0 0 0 0 0 0/0 1:24 0:25 0:00
Chandler Stephenson 0 0 0 0 0 0 1 0 0 0 0/1 9:04 0:00 0:00
Dylan Blujus 0 0 0 0 0 1 1 1 0 0 0/0 23:34 3:09 0:47
Gabriel Bourque 0 0 0 -1 0 4 3 0 1 1 1/3 24:09 3:44 1:09
Grant Besse 0 0 0 0 0 0 1 2 0 0 1/1 9:23 0:19 0:00
Johannes Salmonsson 0 0 0 1 0 2 1 0 0 1 0/0 13:09 0:00 0:25
Keegan Lowe 0 1 1 1 0 0 2 0 0 0 0/0 12:37 0:42 0:00
Mason Geertsen 0 0 0 1 0 1 1 0 0 0 0/0 12:37 0:42 0:00
Matt Frattin 0 0 0 -1 0 5 2 0 0 0 1/1 20:36 3:50 0:00
Nick Foligno 0 0 0 0 0 1 1 1 0 0 0/0 18:23 3:44 0:25
Olli Maatta 0 0 0 -1 0 2 1 5 1 0 0/0 28:49 4:05 1:12
Phil Di Giuseppe 0 0 0 0 0 0 0 0 0 0 1/1 1:50 0:25 0:00
Samuel Morin 0 0 0 -1 0 2 0 2 1 0 0/0 28:49 4:05 1:12
Scott Harrington 0 0 0 0 0 0 0 0 0 0 0/0 23:34 3:09 0:47
Sebastian Wannstrom 0 1 1 1 2 1 0 0 1 1 0/0 11:17 0:00 0:00
Stephane Da Costa 0 0 0 -1 0 6 3 0 0 0 17/31 24:16 3:47 1:10
Tomas Jurco 0 0 0 0 0 0 2 0 0 0 0/0 16:31 3:44 0:00
Tommy Wingels 0 0 0 0 0 3 3 0 0 0 7/14 16:31 3:44 0:00
Zemgus Girgensons 1 0 1 1 0 2 4 0 0 0 2/6 11:23 0:03 0:02
3 Stars
1 - Brad Thiessen (BIN)
2 - Tyson Sexsmith (VJB)
3 - Zemgus Girgensons (BIN)
Power Play
Influenza - 0 on 1 Attempt(s) - 0.00%
Senators - 0 on 4 Attempt(s) - 0.00%
Penalty Kill
Influenza - 4 on 4 Attempt(s) - 100.00%
- Score 0 goal in Penalty Kill
Senators - 1 on 1 Attempt(s) - 100.00%
- Score 0 goal in Penalty Kill
Team Stat
Influenza - Hits : 16 - Faceoff Wins : 28 - Blocked Shots : 15 - Penalty Minutes : 8
Senators - Hits : 27 - Faceoff Wins : 30 - Blocked Shots : 11 - Penalty Minutes : 2
Official
Referees : Unknown
Linesman : Unknown
Game Notes
No Game Note
Finance
Level 1 -- Attendance: 1336 (66.80%) -- Ticket Income $44,088
Level 2 -- Attendance: 738 (73.80%) -- Ticket Income $11,070
Total Attendance: 2074 (69.13%)
Total Ticket Income: $55,158
Other Income: $2,758
Total Income: $57,916
Influenza
5 vs 5 Forward
Center Left Wing Right Wing Time % Phy DF OF
1 Charlie Coyle Alex Killorn Beau Bennett 40 1 2 2
2 Mark Olver Jimmy Vesey Iiro Pakarinen 30 1 2 2
3 Jake Guentzel Max Domi Anthony Mantha 20 1 2 2
4 Jordan Schroeder Johan Larsson Justin Bailey 10 1 2 2
5 vs 5 Defense
Defense Defense Time % Phy DF OF
1 Mathieu Carle Paul Ladue 40 1 2 2
2 Tim Erixon Luca Sbisa 30 1 2 2
3 Dmitry Sinitsyn Nikita Zadorov 20 1 2 2
4 Jeff Corbett Jesse Graham 10 1 2 2
PowerPlay Forward
Center Left Wing Right Wing Time % Phy DF OF
1 Charlie Coyle Alex Killorn Beau Bennett 60 1 2 2
2 Mark Olver Jimmy Vesey Iiro Pakarinen 40 1 2 2
PowerPlay Defense
Defense Defense Time % Phy DF OF
1 Mathieu Carle Paul Ladue 60 1 2 2
2 Tim Erixon Luca Sbisa 40 1 2 2
Penalty Kill 4 Players Forward
Center Wing Time % Phy DF OF
1 Alex Killorn Charlie Coyle 60 1 2 2
2 Mark Olver Beau Bennett 40 1 2 2
Penalty Kill 4 Players Defense
Defense Defense Time % Phy DF OF
1 Mathieu Carle Paul Ladue 60 1 2 2
2 Tim Erixon Luca Sbisa 40 1 2 2
Penalty Kill - 3 Players Forward
Forward Time % Phy DF OF
1 Alex Killorn 60 1 2 2
2 Charlie Coyle 40 1 2 2
Penalty Kill - 3 Players Defense
Defense Defense Time % Phy DF OF
1 Mathieu Carle Paul Ladue 60 1 2 2
2 Tim Erixon Luca Sbisa 40 1 2 2
4 vs 4 Forward
Center Wing Time % Phy DF OF
1 Alex Killorn Charlie Coyle 60 1 2 2
2 Mark Olver Beau Bennett 40 1 2 2
4 vs 4 Defense
Defense Defense Time % Phy DF OF
1 Mathieu Carle Paul Ladue 60 1 2 2
2 Tim Erixon Luca Sbisa 40 1 2 2
Last Minutes Offensive
Center Left Wing Right Wing Defense Defense
Charlie Coyle Alex Killorn Beau Bennett Mathieu Carle Paul Ladue
Last Minutes Defensive
Center Left Wing Right Wing Defense Defense
Charlie Coyle Alex Killorn Beau Bennett Mathieu Carle Paul Ladue
Goaltenders
Starting : Tyson Sexsmith
Backup : Jeremy Duchesne
Extra Forwards
Normal : Jacob Josefson, Tom Kuhnhackl, Shane Prince - PP : Jacob Josefson, Tom Kuhnhackl - PK : Shane Prince
Extra Defensemen
Normal : Dmitry Sinitsyn, Nikita Zadorov, Jeff Corbett - PP : Dmitry Sinitsyn - PK : Nikita Zadorov, Jeff Corbett
Penalty Shots
Alex Killorn, Charlie Coyle, Mark Olver, Beau Bennett, Jake Guentzel
Scratches
Jamie Devane (Healthy), Henri Ikonen (Healthy), Calvin de Haan (Bruised Left Arm Injury), Fredric Larsson (Healthy), Rocco Grimaldi (Healthy)
Jamie Phillips (Healthy)
Senators
5 vs 5 Forward
Center Left Wing Right Wing Time % Phy DF OF
1 Stephane Da Costa Gabriel Bourque Matt Frattin 40 1 2 2
2 Tommy Wingels Nick Foligno Tomas Jurco 30 1 2 2
3 Zemgus Girgensons Johannes Salmonsson Sebastian Wannstrom 20 1 2 2
4 Chandler Stephenson Andy Andreoff Grant Besse 10 1 2 2
5 vs 5 Defense
Defense Defense Time % Phy DF OF
1 Olli Maatta Samuel Morin 40 1 2 2
2 Scott Harrington Dylan Blujus 30 1 2 2
3 Keegan Lowe Mason Geertsen 20 1 2 2
4 Olli Maatta Samuel Morin 10 1 2 2
PowerPlay Forward
Center Left Wing Right Wing Time % Phy DF OF
1 Stephane Da Costa Gabriel Bourque Matt Frattin 60 1 2 2
2 Tommy Wingels Nick Foligno Tomas Jurco 40 1 2 2
PowerPlay Defense
Defense Defense Time % Phy DF OF
1 Olli Maatta Samuel Morin 60 1 2 2
2 Scott Harrington Dylan Blujus 40 1 2 2
Penalty Kill 4 Players Forward
Center Wing Time % Phy DF OF
1 Stephane Da Costa Gabriel Bourque 60 1 2 2
2 Nick Foligno Johannes Salmonsson 40 1 2 2
Penalty Kill 4 Players Defense
Defense Defense Time % Phy DF OF
1 Olli Maatta Samuel Morin 60 1 2 2
2 Scott Harrington Dylan Blujus 40 1 2 2
Penalty Kill - 3 Players Forward
Forward Time % Phy DF OF
1 Stephane Da Costa 60 1 2 2
2 Gabriel Bourque 40 1 2 2
Penalty Kill - 3 Players Defense
Defense Defense Time % Phy DF OF
1 Olli Maatta Samuel Morin 60 1 2 2
2 Scott Harrington Dylan Blujus 40 1 2 2
4 vs 4 Forward
Center Wing Time % Phy DF OF
1 Stephane Da Costa Gabriel Bourque 60 1 2 2
2 Nick Foligno Johannes Salmonsson 40 1 2 2
4 vs 4 Defense
Defense Defense Time % Phy DF OF
1 Olli Maatta Samuel Morin 60 1 2 2
2 Scott Harrington Dylan Blujus 40 1 2 2
Last Minutes Offensive
Center Left Wing Right Wing Defense Defense
Stephane Da Costa Gabriel Bourque Matt Frattin Olli Maatta Samuel Morin
Last Minutes Defensive
Center Left Wing Right Wing Defense Defense
Stephane Da Costa Gabriel Bourque Matt Frattin Olli Maatta Samuel Morin
Goaltenders
Starting : Brad Thiessen
Backup : Ben Bishop
Extra Forwards
Normal : Phil Di Giuseppe, Brett Bulmer, Blake Coleman - PP : Phil Di Giuseppe, Brett Bulmer - PK : Blake Coleman
Extra Defensemen
Normal : Keegan Lowe, Mason Geertsen, Scott Harrington - PP : Keegan Lowe - PK : Mason Geertsen, Scott Harrington
Penalty Shots
Stephane Da Costa, Gabriel Bourque, Nick Foligno, Johannes Salmonsson, Matt Frattin
Scratches
None
% Time on Ice - Influenza
Lines # - Real PCT - Wanted PCT - Time Play
Normal Forward
1 - 32% - 40% - 15:59
2 - 29% - 30% - 14:23
3 - 25% - 20% - 12:31
4 - 14% - 10% - 7:12
Normal Defense
1 - 36% - 40% - 17:52
2 - 27% - 30% - 13:28
3 - 25% - 20% - 12:25
4 - 13% - 10% - 6:20
PP Forward
1 - 54% - 60% - 1:04
2 - 46% - 40% - 0:55
PP Defense
1 - 50% - 60% - 0:59
2 - 50% - 40% - 1:00
PK Forward
1 - 65% - 60% - 5:11
2 - 35% - 40% - 2:45
PK Defense
1 - 57% - 60% - 4:30
2 - 43% - 40% - 3:26
PK3 Forward
1 - 0% - 60%
2 - 0% - 40%
PK3 Defense
1 - 0% - 60%
2 - 0% - 40%
44 Forward
1 - 81% - 60% - 4:02
2 - 19% - 40% - 0:58
44 Defense
1 - 58% - 60% - 2:55
2 - 42% - 40% - 2:05
Last Minute Offensive - 0:00
Last Minute Defensive - 0:00
Total
Forward - 65:00
Defense - 65:00
|
% Time on Ice - Senators
Lines # - Real PCT - Wanted PCT - Time Play
Normal Forward
1 - 34% - 40% - 16:47
2 - 26% - 30% - 12:57
3 - 23% - 20% - 11:17
4 - 18% - 10% - 9:04
Normal Defense
1 - 34% - 40% - 17:06
2 - 35% - 30% - 17:31
3 - 24% - 20% - 11:55
4 - 7% - 10% - 3:33
PP Forward
1 - 53% - 60% - 4:12
2 - 47% - 40% - 3:44
PP Defense
1 - 60% - 60% - 4:47
2 - 40% - 40% - 3:09
PK Forward
1 - 79% - 60% - 1:34
2 - 21% - 40% - 0:25
PK Defense
1 - 61% - 60% - 1:12
2 - 39% - 40% - 0:47
PK3 Forward
1 - 0% - 60%
2 - 0% - 40%
PK3 Defense
1 - 0% - 60%
2 - 0% - 40%
44 Forward
1 - 71% - 60% - 3:33
2 - 29% - 40% - 1:27
44 Defense
1 - 58% - 60% - 2:53
2 - 42% - 40% - 2:07
Last Minute Offensive - 0:00
Last Minute Defensive - 0:00
Total
Forward - 65:00
Defense - 65:00
|
Play-by-Play
1st period
0:01 of 1st period - Charlie Coyle wins face-off versus Stephane Da Costa in neutral zone.
0:14 of 1st period - Wrist shot by Beau Bennett.
0:14 of 1st period - Goal by Beau Bennett - Influenza : 1 - Senators : 0.
0:15 of 1st period - Mark Olver wins face-off versus Tommy Wingels in neutral zone.
0:47 of 1st period - Snap shot by Max Domi.
0:47 of 1st period - Stopped by Brad Thiessen without a rebound.
0:48 of 1st period - Jake Guentzel wins face-off versus Chandler Stephenson in Senators zone.
1:05 of 1st period - Wrist shot by Max Domi.
1:05 of 1st period - Shot Misses the Net.
1:15 of 1st period - Wrist shot by Jake Guentzel.
1:15 of 1st period - Shot Misses the Net.
1:30 of 1st period - Snap shot by Andy Andreoff.
1:30 of 1st period - Stopped by Tyson Sexsmith with a rebound.
1:41 of 1st period - Wrist shot by Grant Besse.
1:41 of 1st period - Shot Misses the Net.
1:45 of 1st period - Backhand shot by Chandler Stephenson.
1:45 of 1st period - Shot Blocked by Mathieu Carle.
2:13 of 1st period - Icing by Mathieu Carle.
2:14 of 1st period - Stephane Da Costa wins face-off versus Jake Guentzel in Influenza zone.
2:27 of 1st period - Snap shot by Stephane Da Costa.
2:27 of 1st period - Stopped by Tyson Sexsmith with a rebound.
2:29 of 1st period - Slapshot by Olli Maatta.
2:29 of 1st period - Shot Hit the Post.
2:39 of 1st period - Max Domi is hit by Zemgus Girgensons and loses puck.
2:46 of 1st period - Wrist shot by Zemgus Girgensons.
2:46 of 1st period - Stopped by Tyson Sexsmith without a rebound.
2:47 of 1st period - Stephane Da Costa wins face-off versus Charlie Coyle in Influenza zone.
3:21 of 1st period - Snap shot by Nick Foligno.
3:21 of 1st period - Shot Misses the Net.
4:06 of 1st period - Snap shot by Beau Bennett.
4:06 of 1st period - Stopped by Brad Thiessen without a rebound.
4:07 of 1st period - Mark Olver wins face-off versus Tommy Wingels in Senators zone.
4:14 of 1st period - Snap shot by Jimmy Vesey.
4:14 of 1st period - Shot Misses the Net.
4:28 of 1st period - Minor Penalty to Iiro Pakarinen for Hooking.
4:29 of 1st period - Alex Killorn wins face-off versus Gabriel Bourque in Influenza zone.
4:44 of 1st period - Slapshot by Gabriel Bourque.
4:44 of 1st period - Deflect By Stephane Da Costa.
4:44 of 1st period - Deflect By Mathieu Carle.
4:44 of 1st period - Shot Misses the Net.
4:44 of 1st period - Puck is out of play.
4:45 of 1st period - Matt Frattin wins face-off versus Alex Killorn in Influenza zone.
4:56 of 1st period - Wrist shot by Gabriel Bourque.
4:56 of 1st period - Stopped by Tyson Sexsmith with a rebound.
4:58 of 1st period - Slapshot by Olli Maatta.
4:58 of 1st period - Stopped by Tyson Sexsmith with a rebound.
6:28 of 1st period - Penalty to Iiro Pakarinen is over, Iiro Pakarinen is back on ice.
7:10 of 1st period - Snap shot by Alex Killorn.
7:10 of 1st period - Shot Blocked by Grant Besse.
7:38 of 1st period - Snap shot by Iiro Pakarinen.
7:38 of 1st period - Stopped by Brad Thiessen with a rebound.
7:40 of 1st period - Snap shot by Alex Killorn.
7:40 of 1st period - Shot Misses the Net.
7:44 of 1st period - Slapshot by Iiro Pakarinen.
7:44 of 1st period - Shot Misses the Net.
7:46 of 1st period - Slapshot by Luca Sbisa.
7:46 of 1st period - Stopped by Brad Thiessen without a rebound.
7:47 of 1st period - Stephane Da Costa wins face-off versus Jordan Schroeder in Senators zone.
7:54 of 1st period - Wrist shot by Stephane Da Costa.
7:54 of 1st period - Stopped by Tyson Sexsmith with a rebound.
9:11 of 1st period - Nikita Zadorov is hit by Tommy Wingels and loses puck.
9:26 of 1st period - Wrist shot by Jordan Schroeder.
9:26 of 1st period - Stopped by Brad Thiessen with a rebound.
9:38 of 1st period - Mathieu Carle is hit by Stephane Da Costa and loses puck.
10:04 of 1st period - Jesse Graham is hit by Keegan Lowe.
10:58 of 1st period - Slapshot by Stephane Da Costa.
10:58 of 1st period - Stopped by Tyson Sexsmith with a rebound.
11:12 of 1st period - Mark Olver is hit by Grant Besse.
11:26 of 1st period - Wrist shot by Jimmy Vesey.
11:26 of 1st period - Stopped by Brad Thiessen with a rebound.
12:21 of 1st period - Snap shot by Johannes Salmonsson.
12:21 of 1st period - Stopped by Tyson Sexsmith without a rebound.
12:22 of 1st period - Stephane Da Costa wins face-off versus Charlie Coyle in Influenza zone.
12:31 of 1st period - Slapshot by Matt Frattin.
12:31 of 1st period - Stopped by Tyson Sexsmith without a rebound.
12:32 of 1st period - Charlie Coyle wins face-off versus Stephane Da Costa in Influenza zone.
12:34 of 1st period - Minor Penalty to Luca Sbisa for Roughing.
12:35 of 1st period - Stephane Da Costa wins face-off versus Charlie Coyle in Influenza zone.
13:45 of 1st period - Nick Foligno is hit by Tim Erixon and loses puck.
14:04 of 1st period - Mark Olver is hit by Gabriel Bourque and loses puck.
14:34 of 1st period - Penalty to Luca Sbisa is over, Luca Sbisa is back on ice.
14:41 of 1st period - Luca Sbisa is hit by Zemgus Girgensons and loses puck.
15:19 of 1st period - Snap shot by Max Domi.
15:19 of 1st period - Deflect By Jake Guentzel.
15:19 of 1st period - Shot Blocked by Grant Besse.
15:19 of 1st period - Puck is out of play.
15:20 of 1st period - Stephane Da Costa wins face-off versus Mark Olver in Senators zone.
15:35 of 1st period - Slapshot by Iiro Pakarinen.
15:35 of 1st period - Stopped by Brad Thiessen with a rebound.
15:51 of 1st period - Slapshot by Beau Bennett.
15:51 of 1st period - Shot Misses the Net.
16:09 of 1st period - Icing by Nikita Zadorov.
16:10 of 1st period - Jake Guentzel wins face-off versus Gabriel Bourque in Influenza zone.
16:25 of 1st period - Snap shot by Jake Guentzel.
16:25 of 1st period - Stopped by Brad Thiessen with a rebound.
16:46 of 1st period - Slapshot by Jake Guentzel.
16:46 of 1st period - Shot Misses the Net.
16:48 of 1st period - Snap shot by Max Domi.
16:48 of 1st period - Stopped by Brad Thiessen with a rebound.
16:56 of 1st period - Snap shot by Jake Guentzel.
16:56 of 1st period - Shot Misses the Net.
16:58 of 1st period - Slapshot by Nikita Zadorov.
16:58 of 1st period - Deflect By Max Domi.
16:58 of 1st period - Stopped by Brad Thiessen with a rebound.
17:00 of 1st period - Wrist shot by Anthony Mantha.
17:00 of 1st period - Shot Misses the Net.
17:02 of 1st period - Wrist shot by Dmitry Sinitsyn.
17:02 of 1st period - Shot Misses the Net.
17:04 of 1st period - Snap shot by Jake Guentzel.
17:04 of 1st period - Shot Blocked by Olli Maatta.
17:18 of 1st period - Slapshot by Max Domi.
17:18 of 1st period - Shot Misses the Net.
17:20 of 1st period - Slapshot by Nikita Zadorov.
17:20 of 1st period - Shot Misses the Net.
17:44 of 1st period - Wrist shot by Jake Guentzel.
17:44 of 1st period - Shot Blocked by Samuel Morin.
17:46 of 1st period - Snap shot by Anthony Mantha.
17:46 of 1st period - Stopped by Brad Thiessen with a rebound.
17:48 of 1st period - Wrist shot by Nikita Zadorov.
17:48 of 1st period - Shot Misses the Net.
17:50 of 1st period - Wrist shot by Anthony Mantha.
17:50 of 1st period - Shot Misses the Net.
17:52 of 1st period - Slapshot by Dmitry Sinitsyn.
17:52 of 1st period - Shot Misses the Net.
17:54 of 1st period - Slapshot by Dmitry Sinitsyn.
17:54 of 1st period - Shot Blocked by Samuel Morin.
17:56 of 1st period - Snap shot by Nikita Zadorov.
17:56 of 1st period - Shot Misses the Net.
17:58 of 1st period - Snap shot by Anthony Mantha.
17:58 of 1st period - Stopped by Brad Thiessen with a rebound.
18:10 of 1st period - Snap shot by Max Domi.
18:10 of 1st period - Shot Blocked by Olli Maatta.
18:12 of 1st period - Wrist shot by Anthony Mantha.
18:12 of 1st period - Stopped by Brad Thiessen with a rebound.
18:14 of 1st period - Snap shot by Anthony Mantha.
18:14 of 1st period - Shot Blocked by Olli Maatta.
18:16 of 1st period - Slapshot by Dmitry Sinitsyn.
18:16 of 1st period - Stopped by Brad Thiessen with a rebound.
18:20 of 1st period - Wrist shot by Jake Guentzel.
18:20 of 1st period - Deflect By Max Domi.
18:20 of 1st period - Shot Misses the Net.
18:20 of 1st period - Puck is out of play.
18:21 of 1st period - Tommy Wingels wins face-off versus Charlie Coyle in Senators zone.
18:21 of 1st period - Tommy Wingels is hit by Mathieu Carle.
19:29 of 1st period - Nick Foligno is hit by Charlie Coyle and loses puck.
19:46 of 1st period - Snap shot by Chandler Stephenson.
19:46 of 1st period - Shot Misses the Net.
Goals for this period are 1 for Influenza vs 0 for Senators.
Shots for this period are 15 for Influenza vs 9 for Senators.
2nd period
0:01 of 2nd period - Alex Killorn wins face-off versus Tommy Wingels in neutral zone.
0:06 of 2nd period - Snap shot by Alex Killorn.
0:06 of 2nd period - Shot Misses the Net.
0:36 of 2nd period - Slapshot by Matt Frattin.
0:36 of 2nd period - Stopped by Tyson Sexsmith without a rebound.
0:37 of 2nd period - Mark Olver wins face-off versus Tommy Wingels in Influenza zone.
0:44 of 2nd period - Slapshot by Iiro Pakarinen.
0:44 of 2nd period - Stopped by Brad Thiessen with a rebound.
0:52 of 2nd period - Slapshot by Tommy Wingels.
0:52 of 2nd period - Shot Blocked by Tim Erixon.
1:04 of 2nd period - Dylan Blujus is hit by Beau Bennett and loses puck.
2:34 of 2nd period - Wrist shot by Charlie Coyle.
2:34 of 2nd period - Stopped by Brad Thiessen with a rebound.
2:58 of 2nd period - Mathieu Carle is hit by Stephane Da Costa and loses puck.
3:15 of 2nd period - Wrist shot by Johan Larsson.
3:15 of 2nd period - Shot Misses the Net.
3:39 of 2nd period - Minor Penalty to Beau Bennett for Tripping.
3:40 of 2nd period - Alex Killorn wins face-off versus Tommy Wingels in Influenza zone.
3:40 of 2nd period - Alex Killorn is hit by Tomas Jurco.
5:39 of 2nd period - Penalty to Beau Bennett is over, Beau Bennett is back on ice.
5:53 of 2nd period - Snap shot by Jimmy Vesey.
5:53 of 2nd period - Shot Misses the Net.
6:07 of 2nd period - Snap shot by Max Domi.
6:07 of 2nd period - Stopped by Brad Thiessen with a rebound.
6:25 of 2nd period - Wrist shot by Jake Guentzel.
6:25 of 2nd period - Shot Misses the Net.
6:27 of 2nd period - Snap shot by Johan Larsson.
6:27 of 2nd period - Stopped by Brad Thiessen with a rebound.
7:29 of 2nd period - Snap shot by Paul Ladue.
7:29 of 2nd period - Stopped by Brad Thiessen without a rebound.
7:30 of 2nd period - Grant Besse wins face-off versus Charlie Coyle in Senators zone.
7:37 of 2nd period - Snap shot by Alex Killorn.
7:37 of 2nd period - Stopped by Brad Thiessen with a rebound.
7:39 of 2nd period - Wrist shot by Alex Killorn.
7:39 of 2nd period - Stopped by Brad Thiessen without a rebound.
7:40 of 2nd period - Tommy Wingels wins face-off versus Charlie Coyle in Senators zone.
7:47 of 2nd period - Charlie Coyle is hit by Mason Geertsen and loses puck.
7:56 of 2nd period - Snap shot by Tommy Wingels.
7:56 of 2nd period - Stopped by Tyson Sexsmith with a rebound.
8:10 of 2nd period - Stephane Da Costa is hit by Iiro Pakarinen and loses puck.
9:29 of 2nd period - Snap shot by Gabriel Bourque.
9:29 of 2nd period - Shot Blocked by Jimmy Vesey.
9:31 of 2nd period - Slapshot by Scott Harrington.
9:31 of 2nd period - Deflect By Stephane Da Costa.
9:31 of 2nd period - Stopped by Tyson Sexsmith without a rebound.
9:32 of 2nd period - Mark Olver wins face-off versus Stephane Da Costa in Influenza zone.
9:55 of 2nd period - Slapshot by Gabriel Bourque.
9:55 of 2nd period - Deflect By Matt Frattin.
9:55 of 2nd period - Stopped by Tyson Sexsmith without a rebound.
9:56 of 2nd period - Tommy Wingels wins face-off versus Charlie Coyle in Influenza zone.
10:01 of 2nd period - Snap shot by Tommy Wingels.
10:01 of 2nd period - Stopped by Tyson Sexsmith without a rebound.
10:02 of 2nd period - Charlie Coyle wins face-off versus Tommy Wingels in Influenza zone.
10:12 of 2nd period - Tim Erixon is hit by Tommy Wingels and loses puck.
10:48 of 2nd period - Slapshot by Olli Maatta.
10:48 of 2nd period - Shot Blocked by Jordan Schroeder.
10:50 of 2nd period - Slapshot by Samuel Morin.
10:50 of 2nd period - Shot Blocked by Luca Sbisa.
11:49 of 2nd period - Samuel Morin is hit by Jimmy Vesey and loses puck.
12:10 of 2nd period - Snap shot by Zemgus Girgensons.
12:10 of 2nd period - Shot Blocked by Jordan Schroeder.
12:12 of 2nd period - Slapshot by Samuel Morin.
12:12 of 2nd period - Stopped by Tyson Sexsmith with a rebound.
12:14 of 2nd period - Slapshot by Olli Maatta.
12:14 of 2nd period - Stopped by Tyson Sexsmith with a rebound.
12:16 of 2nd period - Snap shot by Sebastian Wannstrom.
12:16 of 2nd period - Shot Blocked by Dmitry Sinitsyn.
12:34 of 2nd period - Wrist shot by Tommy Wingels.
12:34 of 2nd period - Stopped by Tyson Sexsmith without a rebound.
12:35 of 2nd period - Tommy Wingels wins face-off versus Charlie Coyle in Influenza zone.
12:38 of 2nd period - Slapshot by Tomas Jurco.
12:38 of 2nd period - Deflect By Nick Foligno.
12:38 of 2nd period - Shot Blocked by Mathieu Carle.
12:38 of 2nd period - Puck is out of play.
12:39 of 2nd period - Tommy Wingels wins face-off versus Charlie Coyle in Influenza zone.
13:04 of 2nd period - Wrist shot by Iiro Pakarinen.
13:04 of 2nd period - Shot Blocked by Dylan Blujus.
13:21 of 2nd period - Icing by Mark Olver.
13:22 of 2nd period - Mark Olver wins face-off versus Zemgus Girgensons in Influenza zone.
13:22 of 2nd period - Mark Olver is hit by Johannes Salmonsson.
13:25 of 2nd period - Mathieu Carle is hit by Zemgus Girgensons and loses puck.
13:34 of 2nd period - Snap shot by Zemgus Girgensons.
13:34 of 2nd period - Goal by Zemgus Girgensons - Influenza : 1 - Senators : 1.
13:35 of 2nd period - Charlie Coyle wins face-off versus Stephane Da Costa in neutral zone.
13:46 of 2nd period - Alex Killorn is hit by Matt Frattin and loses puck.
13:58 of 2nd period - Icing by Gabriel Bourque.
13:59 of 2nd period - Mark Olver wins face-off versus Tommy Wingels in Senators zone.
14:06 of 2nd period - Wrist shot by Mark Olver.
14:06 of 2nd period - Stopped by Brad Thiessen with a rebound.
14:08 of 2nd period - Snap shot by Iiro Pakarinen.
14:08 of 2nd period - Shot Misses the Net.
14:10 of 2nd period - Slapshot by Jimmy Vesey.
14:10 of 2nd period - Stopped by Brad Thiessen without a rebound.
14:11 of 2nd period - Gabriel Bourque wins face-off versus Charlie Coyle in Senators zone.
15:03 of 2nd period - Wrist shot by Jordan Schroeder.
15:03 of 2nd period - Stopped by Brad Thiessen with a rebound.
15:45 of 2nd period - Charlie Coyle is hit by Tommy Wingels and loses puck.
15:54 of 2nd period - Wrist shot by Tomas Jurco.
15:54 of 2nd period - Shot Misses the Net.
15:56 of 2nd period - Wrist shot by Nick Foligno.
15:56 of 2nd period - Stopped by Tyson Sexsmith with a rebound.
15:58 of 2nd period - Slapshot by Samuel Morin.
15:58 of 2nd period - Deflect By Tommy Wingels.
15:58 of 2nd period - Shot Blocked by Dmitry Sinitsyn.
15:58 of 2nd period - Puck is out of play.
15:59 of 2nd period - Mark Olver wins face-off versus Stephane Da Costa in Influenza zone.
16:29 of 2nd period - Mark Olver is hit by Andy Andreoff.
17:03 of 2nd period - Zemgus Girgensons is hit by Iiro Pakarinen and loses puck.
17:07 of 2nd period - Icing by Keegan Lowe.
17:08 of 2nd period - Charlie Coyle wins face-off versus Zemgus Girgensons in Senators zone.
17:15 of 2nd period - Beau Bennett is hit by Keegan Lowe and loses puck.
17:26 of 2nd period - Wrist shot by Sebastian Wannstrom.
17:26 of 2nd period - Deflect By Zemgus Girgensons.
17:26 of 2nd period - Shot Blocked by Alex Killorn.
17:26 of 2nd period - Puck is out of play.
17:27 of 2nd period - Stephane Da Costa wins face-off versus Jake Guentzel in Influenza zone.
17:32 of 2nd period - Wrist shot by Matt Frattin.
17:32 of 2nd period - Stopped by Tyson Sexsmith with a rebound.
18:58 of 2nd period - Icing by Samuel Morin.
18:59 of 2nd period - Stephane Da Costa wins face-off versus Charlie Coyle in Senators zone.
19:28 of 2nd period - Slapshot by Max Domi.
19:28 of 2nd period - Stopped by Brad Thiessen without a rebound.
19:29 of 2nd period - Jake Guentzel wins face-off versus Stephane Da Costa in Senators zone.
19:30 of 2nd period - Snap shot by Max Domi.
19:30 of 2nd period - Stopped by Brad Thiessen with a rebound.
19:42 of 2nd period - Wrist shot by Gabriel Bourque.
19:42 of 2nd period - Stopped by Tyson Sexsmith without a rebound.
19:43 of 2nd period - Stephane Da Costa wins face-off versus Alex Killorn in Influenza zone.
19:46 of 2nd period - Snap shot by Stephane Da Costa.
19:46 of 2nd period - Stopped by Tyson Sexsmith without a rebound.
19:47 of 2nd period - Charlie Coyle wins face-off versus Stephane Da Costa in Influenza zone.
19:47 of 2nd period - Charlie Coyle is hit by Dylan Blujus.
19:57 of 2nd period - Slapshot by Gabriel Bourque.
19:57 of 2nd period - Stopped by Tyson Sexsmith with a rebound.
Goals for this period are 0 for Influenza vs 1 for Senators.
Shots for this period are 12 for Influenza vs 14 for Senators.
3rd period
0:01 of 3rd period - Charlie Coyle wins face-off versus Stephane Da Costa in neutral zone.
0:53 of 3rd period - Wrist shot by Johannes Salmonsson.
0:53 of 3rd period - Shot Misses the Net.
0:55 of 3rd period - Slapshot by Mason Geertsen.
0:55 of 3rd period - Deflect By Jordan Schroeder.
0:55 of 3rd period - Stopped by Tyson Sexsmith with a rebound.
1:13 of 3rd period - Slapshot by Olli Maatta.
1:13 of 3rd period - Shot Blocked by Luca Sbisa.
1:31 of 3rd period - Alex Killorn is hit by Gabriel Bourque and loses puck.
2:25 of 3rd period - Snap shot by Jordan Schroeder.
2:25 of 3rd period - Shot Misses the Net.
2:33 of 3rd period - Minor Penalty to Sebastian Wannstrom for Interference.
2:34 of 3rd period - Charlie Coyle wins face-off versus Stephane Da Costa in Senators zone.
3:34 of 3rd period - Icing by Luca Sbisa.
3:35 of 3rd period - Stephane Da Costa wins face-off versus Mark Olver in Influenza zone.
4:33 of 3rd period - Penalty to Sebastian Wannstrom is over, Sebastian Wannstrom is back on ice.
4:58 of 3rd period - Wrist shot by Johan Larsson.
4:58 of 3rd period - Stopped by Brad Thiessen with a rebound.
5:54 of 3rd period - Icing by Gabriel Bourque.
5:55 of 3rd period - Mark Olver wins face-off versus Zemgus Girgensons in Senators zone.
6:02 of 3rd period - Wrist shot by Iiro Pakarinen.
6:02 of 3rd period - Stopped by Brad Thiessen without a rebound.
6:03 of 3rd period - Charlie Coyle wins face-off versus Stephane Da Costa in Senators zone.
6:10 of 3rd period - Snap shot by Alex Killorn.
6:10 of 3rd period - Shot Misses the Net.
6:12 of 3rd period - Snap shot by Paul Ladue.
6:12 of 3rd period - Stopped by Brad Thiessen with a rebound.
6:14 of 3rd period - Snap shot by Charlie Coyle.
6:14 of 3rd period - Stopped by Brad Thiessen with a rebound.
6:16 of 3rd period - Backhand shot by Mathieu Carle.
6:16 of 3rd period - Shot Blocked by Olli Maatta.
6:18 of 3rd period - Wrist shot by Beau Bennett.
6:18 of 3rd period - Deflect By Charlie Coyle.
6:18 of 3rd period - Stopped by Brad Thiessen with a rebound.
7:32 of 3rd period - Grant Besse is hit by Jordan Schroeder and loses puck.
8:15 of 3rd period - Stephane Da Costa is hit by Mathieu Carle.
8:36 of 3rd period - Off-side.
8:37 of 3rd period - Zemgus Girgensons wins face-off versus Charlie Coyle in neutral zone.
9:02 of 3rd period - Jimmy Vesey is hit by Gabriel Bourque and loses puck.
9:09 of 3rd period - Snap shot by Gabriel Bourque.
9:09 of 3rd period - Stopped by Tyson Sexsmith without a rebound.
9:10 of 3rd period - Stephane Da Costa wins face-off versus Charlie Coyle in Influenza zone.
9:11 of 3rd period - Snap shot by Gabriel Bourque.
9:11 of 3rd period - Shot Blocked by Alex Killorn.
9:16 of 3rd period - Off-side.
9:17 of 3rd period - Charlie Coyle wins face-off versus Stephane Da Costa in neutral zone.
9:20 of 3rd period - Wrist shot by Charlie Coyle.
9:20 of 3rd period - Shot Hit the Post.
9:22 of 3rd period - Slapshot by Beau Bennett.
9:22 of 3rd period - Stopped by Brad Thiessen without a rebound.
9:23 of 3rd period - Stephane Da Costa wins face-off versus Charlie Coyle in Senators zone.
9:23 of 3rd period - Stephane Da Costa is hit by Charlie Coyle.
9:44 of 3rd period - Minor Penalty to Beau Bennett for Roughing.
9:45 of 3rd period - Stephane Da Costa wins face-off versus Alex Killorn in Influenza zone.
10:01 of 3rd period - Wrist shot by Stephane Da Costa.
10:01 of 3rd period - Shot Blocked by Alex Killorn.
10:30 of 3rd period - Icing by Nick Foligno.
10:31 of 3rd period - Tommy Wingels wins face-off versus Alex Killorn in Senators zone.
11:44 of 3rd period - Penalty to Beau Bennett is over, Beau Bennett is back on ice.
12:02 of 3rd period - Wrist shot by Max Domi.
12:02 of 3rd period - Stopped by Brad Thiessen with a rebound.
12:18 of 3rd period - Andy Andreoff is hit by Mark Olver.
13:03 of 3rd period - Alex Killorn is hit by Tomas Jurco and loses puck.
13:14 of 3rd period - Dmitry Sinitsyn is hit by Chandler Stephenson and loses puck.
13:29 of 3rd period - Iiro Pakarinen is hit by Matt Frattin and loses puck.
13:35 of 3rd period - Off-side.
13:36 of 3rd period - Zemgus Girgensons wins face-off versus Jake Guentzel in neutral zone.
13:51 of 3rd period - Wrist shot by Johannes Salmonsson.
13:51 of 3rd period - Deflect By Sebastian Wannstrom.
13:51 of 3rd period - Stopped by Tyson Sexsmith without a rebound.
13:52 of 3rd period - Stephane Da Costa wins face-off versus Charlie Coyle in Influenza zone.
14:17 of 3rd period - Nick Foligno is hit by Jimmy Vesey and loses puck.
15:20 of 3rd period - Jimmy Vesey is hit by Stephane Da Costa and loses puck.
15:29 of 3rd period - Snap shot by Stephane Da Costa.
15:29 of 3rd period - Shot Misses the Net.
15:33 of 3rd period - Snap shot by Stephane Da Costa.
15:33 of 3rd period - Shot Blocked by Nikita Zadorov.
15:47 of 3rd period - Keegan Lowe is hit by Johan Larsson and loses puck.
16:04 of 3rd period - Dylan Blujus is hit by Charlie Coyle and loses puck.
16:30 of 3rd period - Snap shot by Johannes Salmonsson.
16:30 of 3rd period - Stopped by Tyson Sexsmith with a rebound.
16:34 of 3rd period - Snap shot by Sebastian Wannstrom.
16:34 of 3rd period - Shot Misses the Net.
16:36 of 3rd period - Snap shot by Sebastian Wannstrom.
16:36 of 3rd period - Deflect By Johannes Salmonsson.
16:36 of 3rd period - Shot Misses the Net.
16:36 of 3rd period - Puck is out of play.
16:37 of 3rd period - Stephane Da Costa wins face-off versus Charlie Coyle in Influenza zone.
16:50 of 3rd period - Snap shot by Matt Frattin.
16:50 of 3rd period - Stopped by Tyson Sexsmith with a rebound.
17:11 of 3rd period - Wrist shot by Zemgus Girgensons.
17:11 of 3rd period - Shot Misses the Net.
17:13 of 3rd period - Wrist shot by Samuel Morin.
17:13 of 3rd period - Stopped by Tyson Sexsmith without a rebound.
17:14 of 3rd period - Mark Olver wins face-off versus Zemgus Girgensons in Influenza zone.
17:21 of 3rd period - Snap shot by Mark Olver.
17:21 of 3rd period - Stopped by Brad Thiessen with a rebound.
18:49 of 3rd period - Off-side.
18:50 of 3rd period - Tommy Wingels wins face-off versus Jake Guentzel in neutral zone.
19:15 of 3rd period - Luca Sbisa is hit by Zemgus Girgensons and loses puck.
Goals for this period are 0 for Influenza vs 0 for Senators.
Shots for this period are 8 for Influenza vs 6 for Senators.
Overtime #1
0:01 of 1st overtime period - Stephane Da Costa wins face-off versus Alex Killorn in neutral zone.
0:04 of 1st overtime period - Mathieu Carle is hit by Olli Maatta and loses puck.
0:11 of 1st overtime period - Snap shot by Gabriel Bourque.
0:11 of 1st overtime period - Shot Misses the Net.
0:13 of 1st overtime period - Slapshot by Olli Maatta.
0:13 of 1st overtime period - Deflect By Stephane Da Costa.
0:13 of 1st overtime period - Stopped by Tyson Sexsmith with a rebound.
0:15 of 1st overtime period - Snap shot by Gabriel Bourque.
0:15 of 1st overtime period - Shot Blocked by Paul Ladue.
0:48 of 1st overtime period - Wrist shot by Beau Bennett.
0:48 of 1st overtime period - Stopped by Brad Thiessen with a rebound.
1:16 of 1st overtime period - Scott Harrington is hit by Jacob Josefson and loses puck.
1:36 of 1st overtime period - Slapshot by Luca Sbisa.
1:36 of 1st overtime period - Shot Misses the Net.
1:38 of 1st overtime period - Slapshot by Luca Sbisa.
1:38 of 1st overtime period - Shot Blocked by Nick Foligno.
1:58 of 1st overtime period - Snap shot by Tom Kuhnhackl.
1:58 of 1st overtime period - Shot Misses the Net.
2:00 of 1st overtime period - Slapshot by Tim Erixon.
2:00 of 1st overtime period - Shot Blocked by Olli Maatta.
2:02 of 1st overtime period - Slapshot by Luca Sbisa.
2:02 of 1st overtime period - Stopped by Brad Thiessen without a rebound.
2:03 of 1st overtime period - Alex Killorn wins face-off versus Stephane Da Costa in Senators zone.
2:10 of 1st overtime period - Wrist shot by Alex Killorn.
2:10 of 1st overtime period - Shot Misses the Net.
2:12 of 1st overtime period - Wrist shot by Charlie Coyle.
2:12 of 1st overtime period - Shot Misses the Net.
3:07 of 1st overtime period - Icing by Stephane Da Costa.
3:08 of 1st overtime period - Alex Killorn wins face-off versus Stephane Da Costa in Senators zone.
3:33 of 1st overtime period - Beau Bennett is hit by Nick Foligno and loses puck.
3:40 of 1st overtime period - Olli Maatta is hit by Beau Bennett and loses puck.
4:11 of 1st overtime period - Off-side.
4:12 of 1st overtime period - Phil Di Giuseppe wins face-off versus Alex Killorn in neutral zone.
4:15 of 1st overtime period - Slapshot by Dylan Blujus.
4:15 of 1st overtime period - Deflect By Alex Killorn.
4:15 of 1st overtime period - Stopped by Tyson Sexsmith without a rebound.
4:16 of 1st overtime period - Alex Killorn wins face-off versus Stephane Da Costa in Influenza zone.
4:22 of 1st overtime period - Off-side.
4:23 of 1st overtime period - Stephane Da Costa wins face-off versus Alex Killorn in neutral zone.
Goals for this period are 0 for Influenza vs 0 for Senators.
Shots for this period are 2 for Influenza vs 2 for Senators.
ShootOut
5:00 of 1st overtime period - Round #1.
5:00 of 1st overtime period - Influenza, Alex Killorn.
5:00 of 1st overtime period - Deke by Alex Killorn.
5:00 of 1st overtime period - Stopped by Brad Thiessen.
5:00 of 1st overtime period - Senators, Stephane Da Costa.
5:00 of 1st overtime period - Wrist shot by Stephane Da Costa.
5:00 of 1st overtime period - Stopped by Tyson Sexsmith.
5:00 of 1st overtime period - Round #2.
5:00 of 1st overtime period - Influenza, Charlie Coyle.
5:00 of 1st overtime period - Wrist shot by Charlie Coyle.
5:00 of 1st overtime period - Stopped by Brad Thiessen.
5:00 of 1st overtime period - Senators, Gabriel Bourque.
5:00 of 1st overtime period - Wrist shot by Gabriel Bourque.
5:00 of 1st overtime period - Goal by Gabriel Bourque.
5:00 of 1st overtime period - Round #3.
5:00 of 1st overtime period - Influenza, Mark Olver.
5:00 of 1st overtime period - Deke by Mark Olver.
5:00 of 1st overtime period - Shot Misses the Net.
Back to the Top